AoeStats
← 150490644@

Hideout

508915203Analyzed
1v1 RM · 7d ago on Sep 24, 2026· 75m 1s· 2 players
Game mode
Random Map
Map size
Tiny (2 player)
Population
200
Speed
Normal
Resources
Standard
Victory
Conquest
Starting age
Dark Age
Ending age
Imperial Age
RankedLock teamsTeams togetherTeam positionsShared explorationLock speedFull tech treeHidden civsTurbo modeCheats
Victory
Defeat
🇮🇹 Franks · Italy
903
+15
🇹🇼 Gurjaras · Taiwan
882
-15
李諭
10:52 Feudal Age
16:08 Castle Age
14:25 Horse Collar
22:02 Double-Bit Axe
22:21 Heavy Plow
23:34 Bow Saw
30:22 Imperial Age
29:03 Wheelbarrow
28:46 Husbandry
29:12 Bloodlines
30:47 Kshatriyas
31:57 Hand Cart
32:15 Crop Rotation
32:45 Conscription
33:00 Gold Mining
33:03 Stone Mining
35:42 Gold Shaft Mining
34:50 Heavy Camel Rider
38:18 Frontier Guards
39:58 Elite Chakram Thrower
45:46 Forging
45:36 Scale Mail Armor
45:42 Scale Barding Armor
47:12 Iron Casting
53:07 Elite Elephant Archer
53:18 Light Cavalry
55:03 Hussar
57:36 Elite Skirmisher
71:12 Chain Mail Armor
150490644@
8:50 Loom
10:36 Feudal Age
12:29 Double-Bit Axe
15:10 Castle Age
15:16 Castle Age
15:16 Wheelbarrow
14:51 Gold Mining
16:09 Bow Saw
17:19 Stone Mining
24:52 Hand Cart
27:01 Town Watch
26:52 Pikeman
27:33 Squires
28:20 Gold Shaft Mining
30:45 Arson
32:06 Scale Mail Armor
32:16 Forging
34:55 Imperial Age
33:51 Chain Mail Armor
33:42 Scale Barding Armor
34:14 Iron Casting
34:00 Ordonnance Companies
35:40 Chain Barding Armor
35:52 Ballistics
36:40 Chemistry
35:37 Halberdier
38:04 Plate Mail Armor
38:20 Husbandry
37:40 Cavalier
40:26 Town Patrol
41:15 Chivalry
44:58 Plate Barding Armor
59:39 Blast Furnace
67:31 Elite Skirmisher
71:04 Fletching
71:15 Padded Archer Armor
Connection lost

Rejoining the realm…

Still unreachable

The connection could not be restored.

Session expired

The server has moved on; the page needs a fresh start.